[Event "Ceske Budejovice Open-A 2019"]
[Site "Ceske Budejovice"]
[Date "2019.07.02"]
[Round "4.1"]
[White "Frolov, Artur"]
[Black "Velicka, Petr"]
[Result "1-0"]
[ECO "C67"]
[WhiteElo "2453"]
[BlackElo "2428"]
[Annotator "ChessBase"]
[PlyCount "73"]
[EventDate "2019.07.02"]
[EventCountry "CZE"]
[SourceTitle "playchess.com"]
[Source "ChessBase"]
[SourceQuality "1"]
[TimeControl "5400+30"]

1. e4 e5 2. Nf3 Nc6 3. Bb5 Nf6 4. O-O Nxe4 5. d4 Nd6 6. Bxc6 dxc6 7. dxe5 Nf5 8. Qxd8+ Kxd8 9. Rd1+ Ke8 10. Nc3 Ne7 11. Nd4 a6 12. Bg5 h6 13. Bh4 Nd5 14. Ne4 Be6 15. Rd2 g5 16. Bg3 Be7 17. Rad1 c5 18. Nb3 c4 19. Na5 Bb4 20. Rxd5 Bxd5 21. Rxd5 c6 22. Nf6+ Kf8 23. a3 cxd5 24. axb4 Kg7 25. Nxd5 Rhd8 26. Ne3 b5 27. Kf1 Kg6 28. Nc6 Re8 29. Nd5 Re6 30. f4 Kf5 31. Nd4+ Ke4 32. Nxe6 fxe6 33. Nf6+ Ke3 34. f5 exf5 35. e6 Kd2 36. c3 f4 37. Be1+ 1-0

[Event "Ceske Budejovice Open-A 2019"]
[Site "Ceske Budejovice"]
[Date "2019.07.02"]
[Round "4.2"]
[White "Plischki, Sebastian"]
[Black "Ivanov, Mikhail M"]
[Result "0-1"]
[ECO "A37"]
[WhiteElo "2420"]
[BlackElo "2366"]
[Annotator "ChessBase"]
[PlyCount "76"]
[EventDate "2019.07.02"]
[EventCountry "CZE"]
[SourceTitle "playchess.com"]
[Source "ChessBase"]
[SourceQuality "1"]
[TimeControl "5400+30"]

1. c4 c5 2. Nf3 g6 3. Nc3 Bg7 4. g3 Nc6 5. Bg2 d6 6. O-O Bf5 7. b3 Qd7 8. Bb2 Bh3 9. e3 Bxg2 10. Kxg2 h5 11. h4 Nh6 12. d4 cxd4 13. exd4 Nf5 14. d5 Ne5 15. Nxe5 Bxe5 16. Re1 O-O 17. Rb1 Rfc8 18. Qd3 b6 19. Ne2 Bxb2 20. Rxb2 a6 21. Nd4 Nxd4 22. Qxd4 b5 23. Rbe2 Re8 24. Re4 Rac8 25. Qe3 bxc4 26. bxc4 Kg7 27. g4 hxg4 28. h5 Qf5 29. Qd4+ f6 30. Rxe7+ Rxe7 31. Rxe7+ Kh6 32. Re6 Qf3+ 33. Kh2 Rb8 34. Qd2+ Kxh5 35. Re3 Qf4+ 36. Kg2 Qxc4 37. Re6 Rb1 38. Re2 Rb5 0-1

[Event "Ceske Budejovice Open-A 2019"]
[Site "Ceske Budejovice"]
[Date "2019.07.02"]
[Round "4.3"]
[White "Voloshin, Leonid"]
[Black "Barrish, Daniel"]
[Result "1/2-1/2"]
[ECO "D38"]
[WhiteElo "2376"]
[BlackElo "2209"]
[Annotator "ChessBase"]
[PlyCount "51"]
[EventDate "2019.07.02"]
[EventCountry "CZE"]
[SourceTitle "playchess.com"]
[Source "ChessBase"]
[SourceQuality "1"]
[TimeControl "5400+30"]

1. d4 Nf6 2. Nf3 d5 3. c4 e6 4. Nc3 Bb4 5. cxd5 exd5 6. Qa4+ Nc6 7. Ne5 a5 8. a3 Bxc3+ 9. bxc3 O-O 10. Nxc6 Qe8 11. Bf4 Qd7 12. e3 bxc6 13. Bd3 Ba6 14. Bxa6 Rxa6 15. c4 Nh5 16. Bg3 Nxg3 17. hxg3 Qd6 18. Qc2 g6 19. O-O c5 20. Rfd1 cxd4 21. Rxd4 Rc6 22. Qd2 Rxc4 23. Rxd5 Qf6 24. Rd1 a4 25. Rd4 Rxd4 26. Qxd4 1/2-1/2

[Event "Ceske Budejovice Open-A 2019"]
[Site "Ceske Budejovice"]
[Date "2019.07.02"]
[Round "4.5"]
[White "Mirzoev, Azer"]
[Black "Mulenko, Alexander"]
[Result "1-0"]
[ECO "E38"]
[WhiteElo "2474"]
[BlackElo "2075"]
[Annotator "ChessBase"]
[PlyCount "109"]
[EventDate "2019.07.02"]
[EventCountry "CZE"]
[SourceTitle "playchess.com"]
[Source "ChessBase"]
[SourceQuality "1"]
[TimeControl "5400+30"]

1. d4 Nf6 2. c4 e6 3. Nc3 Bb4 4. Qc2 c5 5. dxc5 Bxc5 6. Nf3 Qc7 7. Bg5 Be7 8. e4 d6 9. Nb5 Qa5+ 10. Qd2 Qxd2+ 11. Nxd2 Na6 12. Bf4 e5 13. Be3 b6 14. f3 O-O 15. a3 Ne8 16. Be2 Nac7 17. Nc3 h6 18. Bf2 f5 19. O-O Nf6 20. Rfd1 g5 21. Bd3 f4 22. b4 Kf7 23. Rac1 g4 24. Nd5 Ncxd5 25. cxd5 gxf3 26. gxf3 Bh3 27. Bf1 Rg8+ 28. Kh1 Bd7 29. Ba6 Bh3 30. Rg1 Rxg1+ 31. Rxg1 Rg8 32. Rxg8 Nxg8 33. a4 Bd8 34. Nc4 Bc7 35. a5 bxa5 36. Nxa5 Bb6 37. Bxb6 axb6 38. Nc4 Ke7 39. Nxb6 Kd8 40. Kg1 Nf6 41. Kf2 Kc7 42. Na4 Nd7 43. Bf1 Bxf1 44. Kxf1 Nb6 45. Nb2 Nc8 46. Nc4 Nb6 47. Na5 Nd7 48. Kg2 Nf6 49. Nc4 Nd7 50. Kh3 Nb8 51. b5 Nd7 52. Kg4 Nc5 53. b6+ Kb7 54. Nxd6+ Kxb6 55. Nc4+ 1-0

[Event "Ceske Budejovice Open-A 2019"]
[Site "Ceske Budejovice"]
[Date "2019.07.02"]
[Round "4.6"]
[White "Lys, Josef"]
[Black "Nagy, Gabor"]
[Result "0-1"]
[ECO "A50"]
[WhiteElo "2108"]
[BlackElo "2471"]
[Annotator "ChessBase"]
[PlyCount "58"]
[EventDate "2019.07.02"]
[EventCountry "CZE"]
[SourceTitle "playchess.com"]
[Source "ChessBase"]
[SourceQuality "1"]
[TimeControl "5400+30"]

1. d4 Nf6 2. c4 g6 3. Qc2 Bg7 4. e4 d6 5. Nf3 O-O 6. Be2 c5 7. O-O Nc6 8. dxc5 dxc5 9. Nc3 Nd4 10. Nxd4 cxd4 11. Nd5 Nd7 12. Bg5 Re8 13. c5 h6 14. Bh4 g5 15. Bg3 Ne5 16. f4 d3 17. Bxd3 Nxd3 18. Rad1 Nxf4 19. Nxf4 Qa5 20. Nd5 Bg4 21. Rd3 Rac8 22. b4 Qb5 23. Nc7 Rxc7 24. Bxc7 Qxb4 25. Rb3 Qa4 26. Rc1 Rc8 27. Bg3 Bd4+ 28. Bf2 Rxc5 29. Qd2 Qxa2 0-1

[Event "Ceske Budejovice Open-A 2019"]
[Site "Ceske Budejovice"]
[Date "2019.07.02"]
[Round "4.7"]
[White "Nejdl, Eduard"]
[Black "Karasek, Lukas"]
[Result "1/2-1/2"]
[ECO "B51"]
[WhiteElo "1995"]
[BlackElo "2278"]
[Annotator "RC"]
[PlyCount "115"]
[EventDate "2019.07.02"]
[EventCountry "CZE"]
[SourceTitle "playchess.com"]
[Source "ChessBase"]
[SourceQuality "1"]
[TimeControl "5400+30"]

1. e4 c5 2. Nf3 d6 3. Bb5+ Nd7 4. a4 Ngf6 5. Qe2 e6 6. c3 a6 7. Bc4 Be7 8. d3 b6 9. Bb3 Bb7 10. Bf4 O-O 11. h3 Re8 12. Na3 Bf8 13. O-O Qc7 14. Bc2 Rac8 15. Rfe1 Qb8 16. Rac1 Ba8 17. Bb1 b5 18. d4 e5 19. dxe5 dxe5 20. Bg5 c4 21. axb5 axb5 22. Rcd1 Bc6 23. Nh4 g6 24. Qe3 Qb7 25. Kh2 Re6 26. Rd2 Nc5 27. f3 Nb3 28. Rdd1 Bc5 29. Qe2 Be7 30. Nc2 Ng4+ 31. fxg4 Bxg5 32. Nf3 Be7 33. Nd2 Nc5 34. Nb4 Rd8 35. Bc2 Red6 36. Rf1 Bf8 37. g5 Ne6 38. h4 R6d7 39. Nxc6 Qxc6 40. g3 h6 41. Nf3 Rxd1 42. Rxd1 Rxd1 43. Qxd1 hxg5 44. hxg5 Qc5 45. Qd2 Be7 46. Kg2 Bd8 47. b4 Qa7 48. Kh3 Qa1 49. Kg2 Qa7 50. Bd1 Be7 51. Be2 Qb7 52. Qe3 Qb8 53. Qd2 Qa8 54. Qe3 Qd8 55. Nxe5 Bxg5 56. Qa7 Qc7 57. Qa8+ Kg7 58. Qd5 1/2-1/2

[Event "Ceske Budejovice Open-A 2019"]
[Site "Ceske Budejovice"]
[Date "2019.07.02"]
[Round "4.8"]
[White "Sykora, Ondrej"]
[Black "Marsalek, Zdenek"]
[Result "1-0"]
[ECO "B86"]
[WhiteElo "2065"]
[BlackElo "2259"]
[Annotator "NA"]
[PlyCount "85"]
[EventDate "2019.07.02"]
[EventCountry "CZE"]
[SourceTitle "playchess.com"]
[Source "ChessBase"]
[SourceQuality "1"]
[TimeControl "5400+30"]

1. e4 d6 2. Bc4 c5 3. Nf3 Nf6 4. Nc3 e6 5. d4 cxd4 6. Nxd4 a6 7. a4 Qc7 8. Bb3 Be7 9. Be3 Nc6 10. O-O O-O 11. Nxc6 Qxc6 12. f3 b6 13. Qe2 Bb7 14. Bf2 Rac8 15. Rfd1 Nd7 16. Nd5 Bf6 17. Nxf6+ Nxf6 18. Qe3 b5 19. Qd4 d5 20. e5 Nd7 21. axb5 axb5 22. Ra7 Ra8 23. Rda1 Rxa7 24. Rxa7 Ra8 25. f4 Rxa7 26. Qxa7 Qa6 27. Qxa6 Bxa6 28. c3 Kf8 29. Bd4 Bb7 30. Bc2 h6 31. Bd3 Bc6 32. Kf2 h5 33. Kg3 g6 34. Kh4 Kg7 35. h3 Nf8 36. g4 hxg4 37. hxg4 Nh7 38. Kg3 Kf8 39. Bc5+ Ke8 40. Kf2 Kd7 41. Ke3 Kc7 42. Kd2 Be8 43. g5 1-0

[Event "Ceske Budejovice Open-A 2019"]
[Site "Ceske Budejovice"]
[Date "2019.07.02"]
[Round "4.10"]
[White "Sergeev, Vladimir"]
[Black "Barak, David"]
[Result "1-0"]
[ECO "A00"]
[WhiteElo "2411"]
[BlackElo "2015"]
[Annotator "ChessBase"]
[PlyCount "107"]
[EventDate "2019.07.02"]
[EventCountry "CZE"]
[SourceTitle "playchess.com"]
[Source "ChessBase"]
[SourceQuality "1"]
[TimeControl "5400+30"]

1. g3 c5 2. Bg2 Nf6 3. c4 e6 4. Nf3 Qc7 5. Nc3 a6 6. O-O b6 7. b3 Bb7 8. Bb2 Be7 9. Rc1 O-O 10. e3 d5 11. cxd5 exd5 12. b4 Nbd7 13. bxc5 bxc5 14. Na4 Rac8 15. Bh3 Rb8 16. Bxf6 Nxf6 17. Nxc5 Bxc5 18. d4 Qa5 19. dxc5 Qxa2 20. Nd4 Bc8 21. Bxc8 Rfxc8 22. c6 Rc7 23. Ra1 Qc4 24. Ra4 Rb4 25. Rxb4 Qxb4 26. Qa1 Qb6 27. Rb1 Qa7 28. Qa5 h6 29. Rb6 Ne8 30. Rxa6 Qb8 31. Ra8 Qb1+ 32. Kg2 Re7 33. Qxd5 Kh7 34. Qf5+ Qxf5 35. Nxf5 Re5 36. Nd4 Nc7 37. Rd8 Kg6 38. Rd6+ f6 39. Rd7 Ne8 40. c7 Rc5 41. Ne6 Rc6 42. Re7 Rxe6 43. Rxe6 Nxc7 44. Re7 Nd5 45. Rd7 Nb6 46. Rb7 Nc8 47. g4 Nd6 48. Rd7 Ne4 49. h4 Nc5 50. h5+ Kh7 51. Rc7 Ne6 52. Re7 Nd8 53. f4 Nc6 54. Rd7 1-0

[Event "Ceske Budejovice Open-A 2019"]
[Site "Ceske Budejovice"]
[Date "2019.07.02"]
[Round "4.11"]
[White "Glimbrant, Torbjorn"]
[Black "Rolinek, Dominik"]
[Result "1-0"]
[ECO "D45"]
[WhiteElo "2195"]
[BlackElo "2004"]
[Annotator "NA"]
[PlyCount "57"]
[EventDate "2019.07.02"]
[EventCountry "CZE"]
[SourceTitle "playchess.com"]
[Source "ChessBase"]
[SourceQuality "1"]
[TimeControl "5400+30"]

1. d4 d5 2. Nf3 Nf6 3. c4 e6 4. Nc3 c6 5. e3 Nbd7 6. Qc2 Bd6 7. Be2 O-O 8. O-O b6 9. b3 Bb7 10. Bb2 Rc8 11. e4 dxe4 12. Nxe4 Nxe4 13. Qxe4 Qc7 14. Bd3 Nf6 15. Qh4 h6 16. Rad1 Be7 17. Rfe1 Rfd8 18. c5 Nd5 19. Qe4 Bf6 20. Qh7+ Kf8 21. Ne5 Nf4 22. b4 Nxd3 23. Rxd3 Rd5 24. Rf3 bxc5 25. Ng4 Bxd4 26. Rxe6 f5 27. Bxd4 cxd4 28. Nxh6 gxh6 29. Qh8+ 1-0

[Event "Ceske Budejovice Open-A 2019"]
[Site "Ceske Budejovice"]
[Date "2019.07.02"]
[Round "4.14"]
[White "Muron, Miroslav"]
[Black "Brhlik, Antonin"]
[Result "1-0"]
[ECO "B25"]
[WhiteElo "2215"]
[BlackElo "1639"]
[Annotator "NA"]
[PlyCount "65"]
[EventDate "2019.07.02"]
[EventCountry "CZE"]
[SourceTitle "playchess.com"]
[Source "ChessBase"]
[SourceQuality "1"]
[TimeControl "5400+30"]

1. e4 c5 2. Nc3 Nc6 3. g3 g6 4. Bg2 Bg7 5. d3 d6 6. f4 e6 7. Nf3 Nge7 8. O-O O-O 9. Be3 Nd4 10. Bf2 Rb8 11. Nxd4 Bxd4 12. Rb1 a6 13. Ne2 Bxf2+ 14. Rxf2 b5 15. g4 f5 16. Ng3 Bb7 17. gxf5 exf5 18. Qd2 d5 19. exf5 Nxf5 20. Nxf5 Rxf5 21. d4 Qd6 22. Re1 Rbf8 23. Re5 cxd4 24. Qxd4 Rxe5 25. fxe5 Qc6 26. Rd2 Rd8 27. b3 Rc8 28. Rf2 Rf8 29. Rxf8+ Kxf8 30. c4 bxc4 31. bxc4 Qc7 32. Bxd5 Bc8 33. e6 1-0

[Event "Ceske Budejovice Open-A 2019"]
[Site "Ceske Budejovice"]
[Date "2019.07.02"]
[Round "4.15"]
[White "Szotkowski, David"]
[Black "Nagy, Ladislav"]
[Result "1/2-1/2"]
[ECO "E04"]
[WhiteElo "1869"]
[BlackElo "2061"]
[Annotator "NA"]
[PlyCount "49"]
[EventDate "2019.07.02"]
[EventCountry "CZE"]
[SourceTitle "playchess.com"]
[Source "ChessBase"]
[SourceQuality "1"]
[TimeControl "5400+30"]

1. d4 Nf6 2. c4 e6 3. g3 d5 4. Bg2 dxc4 5. Nf3 Nc6 6. O-O Rb8 7. Qc2 b5 8. a4 a6 9. axb5 axb5 10. Rd1 Nb4 11. Qd2 Bb7 12. Nc3 Be7 13. Ra5 c6 14. Ra1 Ra8 15. Rxa8 Qxa8 16. Ne5 O-O 17. Ne4 Nxe4 18. Bxe4 Rd8 19. Qf4 f6 20. Qh4 fxe5 21. Qxe7 Nd5 22. Qxe6+ Kh8 23. Qf5 Nf6 24. Bg5 Qc8 25. Qxc8 1/2-1/2

[Event "Ceske Budejovice Open-A 2019"]
[Site "Ceske Budejovice"]
[Date "2019.07.02"]
[Round "4.16"]
[White "Puncochar, Jiri"]
[Black "Zacek, Petr"]
[Result "0-1"]
[ECO "B88"]
[WhiteElo "2014"]
[BlackElo "1883"]
[Annotator "NA RC"]
[PlyCount "110"]
[EventDate "2019.07.02"]
[EventCountry "CZE"]
[SourceTitle "playchess.com"]
[Source "ChessBase"]
[SourceQuality "1"]
[TimeControl "5400+30"]

1. e4 c5 2. Nf3 d6 3. d4 cxd4 4. Nxd4 Nf6 5. Nc3 Nc6 6. Bc4 e6 7. O-O Be7 8. a3 O-O 9. Ba2 a6 10. Be3 Bd7 11. f3 {[%emt 0:04:19] B88: Sicilian: Sozin Attack} (11. Qe2 Rc8 12. f4 Qc7 13. f5 Kh8 14. Kh1 Rce8 15. fxe6 Nxd4 16. Bxd4 fxe6 17. e5 dxe5 18. Bxe5 Bd6 19. Bxd6 Qxd6 {½-½ (64) Guerra Mendez,J (2531)-Bauer,C (2637) Barcelona 2019}) 11... Qc7 12. Qe2 $146 ({Predecessor:} 12. g4 h6 13. Qd2 Nxd4 14. Bxd4 Bc6 15. Rad1 {0-1 (67) Martynov,A (2364)-Brodt,A (2395) ICCF email 2010}) 12... Rac8 13. Nxc6 Bxc6 14. Qf2 b5 15. Rad1 Qb7 16. Rd2 Rfd8 17. Rfd1 b4 18. axb4 Qxb4 19. Bb3 Ne8 20. Bb6 Rd7 21. Ra1 Rb8 22. Rxa6 e5 23. Be3 Qb7 24. Ra7 Qc8 25. Rxd7 Qxd7 26. f4 Bf6 27. f5 Be7 28. Qe2 Nf6 29. Qc4 Bf8 30. Bg5 Qa7+ 31. Kh1 Nxe4 32. h4 Nxd2 33. Bxd2 Qb7 34. Qg4 Qe7 35. Bg5 Qd7 36. Nd5 Bxd5 37. Bxd5 Kh8 38. Qf3 f6 39. Bc1 Qa4 40. c4 Qa1 41. Qc3 g6 42. Kh2 Qb1 43. fxg6 Qxg6 44. Bd2 Qg4 45. g3 $2 (45. b4 $1 $15) 45... Qd4 $2 (45... Qe2+ $19 46. Kh3 f5) 46. Qxd4 exd4 47. b4 Re8 48. Bf3 $1 Kg7 49. Kg1 $15 d3 50. Kf1 Kg6 51. g4 Bh6 52. Bxh6 Kxh6 53. b5 d2 54. Be2 Re4 55. b6 Rxc4 0-1

[Event "Ceske Budejovice Open-A 2019"]
[Site "Ceske Budejovice"]
[Date "2019.07.02"]
[Round "4.17"]
[White "Pavlicek, Petr"]
[Black "Stehlik, Jiri"]
[Result "1/2-1/2"]
[ECO "B07"]
[WhiteElo "1828"]
[BlackElo "1943"]
[Annotator "NA"]
[PlyCount "43"]
[EventDate "2019.07.02"]
[EventCountry "CZE"]
[SourceTitle "playchess.com"]
[Source "ChessBase"]
[SourceQuality "1"]
[TimeControl "5400+30"]

1. e4 d6 2. d4 Nf6 3. Nc3 g6 4. g3 Bg7 5. Bg2 O-O 6. Nge2 Nbd7 7. O-O e5 8. h3 c6 9. Be3 h6 10. Qd2 Kh7 11. g4 Qe7 12. Rad1 Re8 13. a4 a5 14. f4 Nf8 15. Ng3 Ne6 16. Nce2 Nd7 17. f5 Nxd4 18. Nxd4 exd4 19. Bxd4 Be5 20. Qf2 Kg8 21. b3 b6 22. Bxe5 1/2-1/2

[Event "Ceske Budejovice Open-A 2019"]
[Site "Ceske Budejovice"]
[Date "2019.07.02"]
[Round "4.18"]
[White "Steiner, Juraj"]
[Black "Stodola, Zdenek"]
[Result "1-0"]
[ECO "E61"]
[WhiteElo "1896"]
[BlackElo "1551"]
[Annotator "NA"]
[PlyCount "65"]
[EventDate "2019.07.02"]
[EventCountry "CZE"]
[SourceTitle "playchess.com"]
[Source "ChessBase"]
[SourceQuality "1"]
[TimeControl "5400+30"]

1. d4 Nf6 2. c4 g6 3. Nc3 Bg7 4. Nf3 O-O 5. Bg5 h6 6. Bh4 c5 7. d5 d6 8. e4 Bd7 9. Be2 Na6 10. O-O Nc7 11. Nd2 a6 12. a4 Rb8 13. f4 Nh7 14. Nf3 Bf6 15. Qe1 Bxh4 16. Qxh4 Kg7 17. e5 Ne8 18. Rad1 Bf5 19. g4 Bd7 20. Rd2 f6 21. e6 Bc8 22. f5 gxf5 23. gxf5 Rg8 24. Kh1 Ng5 25. Qh5 Kh7 26. Ng1 Ng7 27. Qg6+ Kh8 28. Qxh6+ Nh7 29. Rd3 Ne8 30. Bh5 Rg7 31. Nh3 Nc7 32. Nf4 Kg8 33. Bf7+ 1-0

[Event "Ceske Budejovice Open-A 2019"]
[Site "Ceske Budejovice"]
[Date "2019.07.02"]
[Round "4.19"]
[White "Tajovsky, Matej"]
[Black "Kaspar, Jonas"]
[Result "1-0"]
[ECO "C05"]
[WhiteElo "1779"]
[BlackElo "1890"]
[Annotator "NA"]
[PlyCount "93"]
[EventDate "2019.07.02"]
[EventCountry "CZE"]
[SourceTitle "playchess.com"]
[Source "ChessBase"]
[SourceQuality "1"]
[TimeControl "5400+30"]

1. e4 e6 2. d4 d5 3. Nd2 Nf6 4. e5 Nfd7 5. f4 c5 6. c3 Nc6 7. Ndf3 cxd4 8. cxd4 Be7 9. g3 O-O 10. Be3 Nb6 11. b3 Bd7 12. h4 a5 13. Ng5 a4 14. Nxh7 Bb4+ 15. Kf2 Kxh7 16. Qh5+ Kg8 17. Bd3 f5 18. exf6 Rxf6 19. Bg6 Rxg6 20. Qxg6 axb3 21. Qb1 Bc3 22. Nf3 b2 23. Ng5 bxa1=Q 24. Qh7+ Kf8 25. Rxa1 Bxa1 26. Qh8+ Ke7 27. Qxg7+ Kd6 28. Nf7+ Kc7 29. Nxd8 Kxd8 30. h5 Rxa2+ 31. Kf3 Nc4 32. Bg1 Nd2+ 33. Kg4 e5+ 34. f5 Nxd4 35. Qh8+ Ke7 36. Qxe5+ Ne6 37. Bc5+ Kf7 38. Qxd5 Ra4+ 39. Kh3 Rd4 40. Bxd4 Ke7 41. Bxa1 Ng5+ 42. Kg4 Nde4 43. h6 Bc6 44. f6+ Ke8 45. Qe5+ Kd8 46. Qe7+ Kc8 47. f7 1-0

[Event "Ceske Budejovice Open-A 2019"]
[Site "Ceske Budejovice"]
[Date "2019.07.02"]
[Round "4.20"]
[White "Rolinkova, Lucie"]
[Black "Asatryan, Manvel"]
[Result "1/2-1/2"]
[ECO "A80"]
[WhiteElo "1703"]
[BlackElo "1799"]
[Annotator "NA"]
[PlyCount "66"]
[EventDate "2019.07.02"]
[EventCountry "CZE"]
[SourceTitle "playchess.com"]
[Source "ChessBase"]
[SourceQuality "1"]
[TimeControl "5400+30"]

1. d4 f5 2. Bf4 Nf6 3. e3 g6 4. Nf3 Bg7 5. c3 O-O 6. Nbd2 d6 7. Bd3 Nbd7 8. Qc2 Qe8 9. Bc4+ Kh8 10. Be6 Nb6 11. Qb3 h6 12. h4 Bxe6 13. Qxe6 Qf7 14. Qxf7 Rxf7 15. O-O-O Ng4 16. Bg3 e5 17. dxe5 dxe5 18. Nh2 Nxh2 19. Bxh2 Re8 20. Nf3 e4 21. Nd4 Bxd4 22. Rxd4 c6 23. Rhd1 Nd5 24. a3 Nf6 25. Rd8 Rxd8 26. Rxd8+ Kh7 27. Rd6 Ng4 28. Bg3 g5 29. hxg5 hxg5 30. Kd2 f4 31. exf4 gxf4 32. Bh4 e3+ 33. Ke2 exf2 1/2-1/2

[Event "Ceske Budejovice Open-A 2019"]
[Site "Ceske Budejovice"]
[Date "2019.07.02"]
[Round "4.21"]
[White "Baloun, Tomas"]
[Black "Chval, Zdenek"]
[Result "1-0"]
[ECO "E65"]
[WhiteElo "1887"]
[BlackElo "1667"]
[Annotator "NA"]
[PlyCount "71"]
[EventDate "2019.07.02"]
[EventCountry "CZE"]
[SourceTitle "playchess.com"]
[Source "ChessBase"]
[SourceQuality "1"]
[TimeControl "5400+30"]

1. Nf3 Nf6 2. c4 g6 3. Nc3 Bg7 4. g3 O-O 5. Bg2 d6 6. d4 c5 7. O-O Nc6 8. e4 Bg4 9. Be3 cxd4 10. Bxd4 Nxd4 11. Qxd4 Nd7 12. Qe3 Nc5 13. Rac1 a5 14. Nd4 Rc8 15. f4 Bxd4 16. Qxd4 Ne6 17. Qe3 Rxc4 18. h3 Bh5 19. g4 g5 20. f5 Nf4 21. gxh5 Kh8 22. h6 Rg8 23. Rcd1 Qf8 24. Nd5 Rc2 25. Rf2 Rxf2 26. Qxf2 Qxh6 27. Nxe7 Re8 28. Qd4+ f6 29. Qxd6 Ne2+ 30. Kh2 Qf8 31. Qd2 Nf4 32. Nd5 Rd8 33. Qxa5 Qd6 34. Ne3 Nd3+ 35. Kg1 b6 36. Qc3 1-0

[Event "Ceske Budejovice Open-A 2019"]
[Site "Ceske Budejovice"]
[Date "2019.07.02"]
[Round "4.22"]
[White "Pavlicek, Adam"]
[Black "Vahala, Tomas"]
[Result "0-1"]
[ECO "D10"]
[WhiteElo "1651"]
[BlackElo "1774"]
[Annotator "NA"]
[PlyCount "68"]
[EventDate "2019.07.02"]
[EventCountry "CZE"]
[SourceTitle "playchess.com"]
[Source "ChessBase"]
[SourceQuality "1"]
[TimeControl "5400+30"]

1. d4 d5 2. c4 c6 3. cxd5 cxd5 4. Nc3 Nc6 5. Nf3 Nf6 6. e3 Bf5 7. a3 h6 8. Bd3 Bxd3 9. Qxd3 e6 10. O-O Be7 11. Bd2 O-O 12. b4 a6 13. Na4 Ne4 14. Nc5 Nd6 15. Ne5 Nxe5 16. dxe5 Nc4 17. Nxb7 Qc7 18. Nc5 Nxe5 19. Nxa6 Qb6 20. Qd4 Qxd4 21. exd4 Nc4 22. Nc5 Nxd2 23. Rfd1 Nc4 24. a4 Rfc8 25. Nd3 Bf6 26. Nc5 Nb2 27. Rd2 Nxa4 28. Nd7 Nb6 29. Nxf6+ gxf6 30. Rb1 Nc4 31. Rd3 Rcb8 32. h3 Ra4 33. b5 Ra5 34. b6 Rxb6 0-1

[Event "Ceske Budejovice Open-A 2019"]
[Site "Ceske Budejovice"]
[Date "2019.07.02"]
[Round "4.23"]
[White "Valasek, Jakub"]
[Black "Chval, Petr"]
[Result "1/2-1/2"]
[ECO "B40"]
[WhiteElo "1636"]
[BlackElo "1885"]
[Annotator "NA"]
[PlyCount "62"]
[EventDate "2019.07.02"]
[EventCountry "CZE"]
[SourceTitle "playchess.com"]
[Source "ChessBase"]
[SourceQuality "1"]
[TimeControl "5400+30"]

1. e4 c5 2. Nf3 e6 3. Nc3 a6 4. Be2 b5 5. d3 Nc6 6. O-O d6 7. Be3 Nf6 8. Nd2 Be7 9. a3 Nd4 10. Nb3 Nxe2+ 11. Qxe2 Qc7 12. f3 O-O 13. Qf2 Nd7 14. d4 cxd4 15. Bxd4 Bb7 16. Rfe1 Rfe8 17. Rad1 Rac8 18. Qg3 e5 19. Be3 Nb6 20. Bxb6 Qxb6+ 21. Qf2 Qc7 22. Kh1 h5 23. Rd3 a5 24. Na1 b4 25. axb4 axb4 26. Nd5 Qc5 27. Qd2 Bxd5 28. Rxd5 Qb6 29. Qe2 Rc5 30. Red1 Rec8 31. Rxc5 dxc5 1/2-1/2

[Event "Ceske Budejovice Open-A 2019"]
[Site "Ceske Budejovice"]
[Date "2019.07.02"]
[Round "4.25"]
[White "Lauko, Marian"]
[Black "Solovyova, Anastasia"]
[Result "0-1"]
[ECO "A80"]
[WhiteElo "1817"]
[BlackElo "1835"]
[Annotator "NA"]
[PlyCount "52"]
[EventDate "2019.07.02"]
[EventCountry "CZE"]
[SourceTitle "playchess.com"]
[Source "ChessBase"]
[SourceQuality "1"]
[TimeControl "5400+30"]

1. d4 f5 2. Nf3 Nf6 3. e3 g6 4. c4 Bg7 5. Nc3 d6 6. g3 O-O 7. Bg2 c6 8. O-O Qe8 9. c5 dxc5 10. dxc5 e5 11. b4 a5 12. Na4 e4 13. Nd4 Nd5 14. Nb6 Nxb6 15. cxb6 axb4 16. Qb3+ Qf7 17. Qxb4 Na6 18. Qd6 c5 19. Nb3 Bxa1 20. Nxa1 Qf6 21. Qd5+ Be6 22. Qd2 Rad8 23. Qc2 Nb4 24. Qxc5 Nd3 25. Qc2 Qxa1 26. Ba3 Qxa2 0-1

[Event "Ceske Budejovice Open-A 2019"]
[Site "Ceske Budejovice"]
[Date "2019.07.03"]
[Round "5.2"]
[White "Barrish, Daniel"]
[Black "Mirzoev, Azer"]
[Result "0-1"]
[ECO "D30"]
[WhiteElo "2237"]
[BlackElo "2474"]
[Annotator "ChessBase"]
[PlyCount "70"]
[EventDate "2019.07.02"]
[EventCountry "CZE"]
[SourceTitle "playchess.com"]
[Source "ChessBase"]
[SourceQuality "1"]
[TimeControl "5400+30"]

1. d4 d5 2. c4 e6 3. Nf3 a6 4. e3 Nf6 5. b3 c5 6. Bb2 cxd4 7. Nxd4 Bb4+ 8. Bc3 Bd6 9. Nf3 O-O 10. Nbd2 Nc6 11. Be2 e5 12. cxd5 Nxd5 13. Bb2 Re8 14. e4 Nf4 15. O-O Bg4 16. Nc4 Bc5 17. Ne3 Bxe3 18. fxe3 Qb6 19. Bc1 Rad8 20. Qe1 Nb4 21. Qf2 Nbd3 22. Bxd3 Nxd3 23. Qg3 Nxc1 24. Raxc1 Qxe3+ 25. Kh1 Qf4 26. Qe1 Rd3 27. Rc3 Rxc3 28. Qxc3 h6 29. Nd2 Qg5 30. h3 Rc8 31. Nc4 Be6 32. Qb4 b5 33. Na3 Rd8 34. Nb1 Rd3 35. Kh2 Qg3+ 0-1

[Event "Ceske Budejovice Open-A 2019"]
[Site "Ceske Budejovice"]
[Date "2019.07.03"]
[Round "5.4"]
[White "Richterova, Natasa"]
[Black "Voloshin, Leonid"]
[Result "1/2-1/2"]
[ECO "B08"]
[WhiteElo "2179"]
[BlackElo "2376"]
[Annotator "NA"]
[PlyCount "46"]
[EventDate "2019.07.02"]
[EventCountry "CZE"]
[SourceTitle "playchess.com"]
[Source "ChessBase"]
[SourceQuality "1"]
[TimeControl "5400+30"]

1. e4 d6 2. d4 Nf6 3. Nc3 g6 4. h3 Bg7 5. Nf3 O-O 6. Bc4 c6 7. a4 d5 8. Bd3 dxe4 9. Nxe4 Nxe4 10. Bxe4 c5 11. dxc5 Qa5+ 12. Qd2 Qxc5 13. O-O Qc7 14. c3 Nd7 15. Qe2 Nc5 16. Bc2 e5 17. Re1 f6 18. Be3 Be6 19. Qb5 Na6 20. Bb3 Bxb3 21. Qxb3+ Qf7 22. Qb5 Nb8 23. Nd2 Rd8 1/2-1/2

[Event "Ceske Budejovice Open-A 2019"]
[Site "Ceske Budejovice"]
[Date "2019.07.03"]
[Round "5.5"]
[White "Velicka, Petr"]
[Black "Glimbrant, Torbjorn"]
[Result "1-0"]
[ECO "C75"]
[WhiteElo "2428"]
[BlackElo "2195"]
[Annotator "NA RC"]
[PlyCount "79"]
[EventDate "2019.07.02"]
[EventCountry "CZE"]
[SourceTitle "playchess.com"]
[Source "ChessBase"]
[SourceQuality "1"]
[TimeControl "5400+30"]

1. e4 e5 2. Nf3 Nc6 3. Bb5 a6 4. Ba4 d6 5. c3 Bd7 6. O-O Nge7 7. d4 Ng6 8. Nbd2 Be7 9. Re1 h6 10. Nf1 Bg5 11. Ne3 Bxe3 12. Bxe3 O-O 13. h3 Re8 14. Bc2 Qf6 15. dxe5 Ncxe5 16. Nxe5 Nxe5 17. f4 Nc4 18. Bc1 Qh4 19. b3 Nb6 20. Re2 Bc6 21. Bd2 Nd7 22. Qe1 Qxe1+ 23. Raxe1 a5 24. c4 b6 25. Bc3 f6 26. g3 Re7 27. a3 Kf8 28. Kf2 Rae8 29. Re3 Nc5 30. e5 fxe5 31. fxe5 dxe5 32. Bxe5 Be4 33. b4 axb4 34. axb4 Nd7 35. Bxc7 Bxc2 36. Rxe7 Rxe7 37. Bd6 Bf5 38. g4 Bd3 39. Rxe7 Nf6 40. Re3+ 1-0